 Dungeon Crawl Stone Soup version 0.22-a0-396-g3f858e3 (webtiles) character file.

2179 iamserjio the Destroyer (level 9, -3/46 HPs)
             Began as a Deep Elf Wizard on May 3, 2018.
             Was a Follower of Vehumet.
             Shot with a sling bullet by Joseph (18 damage)
             ... on level 7 of the Dungeon.
             The game lasted 00:34:11 (9957 turns).

iamserjio the Destroyer (Deep Elf Wizard)           Turns: 9957, Time: 00:34:11

Health: -3/46      AC:  3    Str:  4    XL:     9   Next: 11%
Magic:  16/24      EV: 13    Int: 27    God:    Vehumet [*.....]
Gold:   35         SH:  2    Dex: 13    Spells: 14/26 levels left

rFire    . . .     SeeInvis .   o - +4 dagger (venom)
rCold    . . .     Gourm    .   (no shield)
rNeg     . . .     Faith    .   a - +0 robe
rPois    +         Spirit   .   b - +1 hat
rElec    .         Reflect  +   (no cloak)
rCorr    .         Harm     .   (no gloves)
MR       .....                  (no boots)
Stlth    ++........             g - +2 amulet of reflection
HPRegen  0.15/turn              h - ring of poison resistance
MPRegen  0.19/turn              (no ring)

@: no status effects
A: no striking features
a: Renounce Religion


You were on level 7 of the Dungeon.
You worshipped Vehumet.
Vehumet was aware of your devotion.
You were not hungry.

You visited 2 branches of the dungeon, and saw 8 of its levels.

You collected 251 gold pieces.
You spent 216 gold pieces at shops.

Inventory:

Hand Weapons
 n - a +0 blowgun
 o - a +4 dagger of venom (weapon)
 p - a +1 short sword of holy wrath
 x - a +2 spear of venom
Missiles
 q - 60 poisoned needles
Armour
 a - a +0 robe (worn)
 b - a +1 hat (worn)
Jewellery
 g - a +2 amulet of reflection (around neck)
 h - a ring of poison resistance (left hand)
 s - an uncursed amulet of the gourmand
Wands
 k - a wand of enslavement (15)
 y - a wand of iceblast (4)
Scrolls
 l - 3 scrolls of remove curse
 m - a scroll of magic mapping
 r - a scroll of fog
 t - a scroll of immolation
 v - a scroll of blinking
 A - 4 scrolls of fear
Potions
 f - a potion of agility {unknown}
 i - 2 potions of berserk rage {unknown}
 u - 3 potions of flight
 w - a potion of mutation {unknown}
 z - a potion of curing {unknown}
Comestibles
 d - 16 rations


   Skills:
 + Level 0.9 Fighting
 - Level 2.4 Dodging
 - Level 2.4 Stealth
 + Level 9.4 Spellcasting
 * Level 9.6 Conjurations
 - Level 1.1 Summonings
 - Level 1.1 Translocations
 + Level 5.4 Fire Magic


You had 14 spell levels left.
You knew the following spells:

 Your Spells              Type           Power        Failure   Level  Hunger
a - Magic Dart            Conj           ####         1%          1    None
b - Call Imp              Summ           ###.....     4%          2    None
c - Conjure Flame         Conj/Fire      ######..     1%          3    None
d - Mephitic Cloud        Conj/Pois/Air  ####....     3%          3    None
e - Blink                 Tloc           N/A          4%          2    None
f - Flame Tongue          Conj/Fire      #####        1%          1    None


Dungeon Overview and Level Annotations

Branches:
Dungeon (7/15)             Temple (1/1) D:5

Altars:
Ashenzari
Dithmenos
Elyvilon
Fedhas
Gozag
Hepliaklqana
Kikubaaqudgha
Makhleb
Nemelex Xobeh
Okawaru
Qazlal
Trog
Vehumet
Wu Jian
Xom
Yredelemnul

Shops:
D:5 (   D:6 *

Annotations:
D:7 Joseph, Pikel


Message History

Confirm with . or Enter, or press ? or * to list all spells.
Okay, then.
Casting: Flame Tongue (safe; 1% risk of failure)
Confirm with . or Enter, or press ? or * to list all spells.
A beastly little devil appears in a puff of flame.
Joseph shoots a sling bullet.
The sling bullet hits you!
Casting: Call Imp (safe; 4% risk of failure)
Confirm with . or Enter, or press ? or * to list all spells.
A beastly little devil appears in a puff of flame.
Joseph shoots a sling bullet.
The sling bullet hits your crimson imp.
Casting: Call Imp (safe; 4% risk of failure)
Confirm with . or Enter, or press ? or * to list all spells.
A beastly little devil appears in a puff of flame.
Your crimson imp blinks!
Casting: Call Imp (safe; 4% risk of failure)
Confirm with . or Enter, or press ? or * to list all spells.
A shadowy apparition takes form in the air.
Joseph shoots a sling bullet.
The sling bullet hits you!
Joseph shoots a sling bullet.
The sling bullet hits you!!
You die...

#........###.....###
....#
#............###...#
....#
#.)......##...####(## ...
#####.######..# #..##.#
#.# #@..# ##....# #.#
#.#.## ##..## #.# #.#5.##
#..####
#.#####.##.ยง####.....#
#...#.(.###.@5###.##....#
###.#(### ###.5##.# ##.#
#.#.# #(...## #.#.####
###5).# #......# ##.##
#..@..>########.#
##>....<.........#
#.......########.#
#....<..# #.#


You could see Joseph, 3 friendly crimson imps and a friendly shadow imp.

Vanquished Creatures
  Sigmund (D:4)
  A wyvern (D:6)
  Menkaure (D:4)
  A water moccasin (D:7)
  A phantom (D:4)
  An orc warrior (D:6)
  4 slaves
  An ogre (D:7)
  A bullfrog (D:6)
  A water moccasin zombie (D:6)
  A scorpion (D:4)
  2 vampire bats (D:5)
  4 crimson imps
  A quasit (D:6)
  3 bullfrog skeletons
  A hound (D:5)
  A gnoll shaman (D:6)
  3 orc priests
  A centaur skeleton (D:5)
  A jelly (D:6)
  5 orc wizards
  Terence (D:3)
  2 worker ants
  19 gnolls
  13 adders
  2 shadow imps (D:6)
  2 oozes
  4 adder skeletons
  2 worms
  2 dart slugs (D:1)
  3 leopard geckos
  15 orcs
  2 ball pythons
  4 bat skeletons (D:5)
  A bat zombie (D:5)
  6 giant cockroaches
  6 goblins
  4 hobgoblins
  16 jackals
  10 kobolds
  A quokka (D:4)
  5 bats
  2 frilled lizards (D:3)
  A giant cockroach zombie (D:6)
  A jackal zombie (D:3)
  A leopard gecko skeleton (D:4)
  A quokka skeleton (D:4)
  8 rats
  A bush (D:4)
171 creatures vanquished.

Notes
Turn   | Place    | Note
-------+----------+-------------------------------------------
     0 | D:1      | iamserjio the Deep Elf Wizard began the quest for the Orb.
     0 | D:1      | Reached XP level 1. HP: 10/10 MP: 7/7
   451 | D:1      | Reached XP level 2. HP: 15/15 MP: 3/9
   685 | D:1      | Reached skill level 5 in Spellcasting
  1104 | D:2      | Found an ornate altar of the Wu Jian Council.
  1121 | D:2      | Reached XP level 3. HP: 19/19 MP: 7/11
  1406 | D:1      | Learned a level 2 spell: Call Imp
  1410 | D:1      | Learned a level 3 spell: Conjure Flame
  1414 | D:1      | Learned a level 3 spell: Mephitic Cloud
  1417 | D:1      | Learned a level 2 spell: Blink
  1934 | D:2      | Reached XP level 4. HP: 21/24 MP: 6/13
  2314 | D:3      | Found a shadowy altar of Dithmenos.
  2331 | D:3      | Reached XP level 5. HP: 28/28 MP: 5/15
  2842 | D:3      | Noticed Terence
  2852 | D:3      | Killed Terence
  2890 | D:3      | Reached skill level 5 in Conjurations
  3395 | D:3      | Reached XP level 6. HP: 32/32 MP: 7/17
  3940 | D:4      | Noticed Menkaure
  4199 | D:4      | Reached skill level 1 in Fire Magic
  4856 | D:4      | Noticed Sigmund
  5041 | D:4      | Killed Sigmund
  5041 | D:4      | Reached XP level 7. HP: 36/36 MP: 13/19
  5386 | D:4      | Killed Menkaure
  5588 | D:5      | Entered Level 5 of the Dungeon
  5590 | D:5      | Found a staircase to the Ecumenical Temple.
  5602 | Temple   | Entered the Ecumenical Temple
  5677 | Temple   | Became a worshipper of Vehumet
  5971 | D:5      | Found a bloodstained altar of Trog.
  5972 | D:5      | Found an iron altar of Okawaru.
  6300 | D:5      | Found an ancient bone altar of Kikubaaqudgha.
  6311 | D:5      | Reached XP level 8. HP: 33/41 MP: 15/22
  6443 | D:5      | Found Gudaikk's Weapon Boutique.
  6662 | D:5      | Found a shimmering altar of Xom.
  6871 | D:6      | Reached * piety under Vehumet
  6871 | D:6      | Offered knowledge of Flame Tongue by Vehumet.
  6876 | D:6      | Learned a level 1 spell: Flame Tongue
  6931 | D:6      | Found Dabotooz's General Store.
  6936 | D:6      | Bought a scroll of fear for 42 gold pieces
  6936 | D:6      | Bought a scroll of blinking for 90 gold pieces
  7677 | D:6      | Reached skill level 5 in Fire Magic
  7745 | D:6      | Found an opulent altar of Gozag.
  8096 | D:6      | Bought 2 scrolls of fear for 84 gold pieces
  8338 | D:7      | Reached XP level 9. HP: 45/45 MP: 13/24
  8501 | D:7      | Noticed Pikel
  8505 | D:7      | Noticed Joseph
  9957 | D:7      | Shot with a sling bullet by Joseph

Vault maps used:
D:1:      nicolae_arrival_somewhat_less_tricky_arrival, minmay_heptomino_w4
D:2:      old_standard_altar, first_ration, kennysheep_generic_room_4
D:3:      overflow_temple_1_default, uniq_terence
D:4:      minmay_hedge_maze, uniq_sigmund, uniq_menkaure
D:5:      grunt_temple_overflow_bloody_war, kennysheep_vampire_church,
          lemuel_round_altar, minmay_temple_entry_junction, serial_shops, shop
D:6:      grunt_gozag_statues, serial_shops, kennysheep_little_box
D:7:      overflow_temple_1_default, basic_altar, kennysheep_generic_room_6,
          uniq_joseph, uniq_pikel, uniq_duvessa
Temple:   compressed_dpeg_triangle_lava_temple

Skill      XL: |  1  2  3  4  5  6  7  8 |
---------------+-------------------------+-----
Conjurations   | 2 3 4 5 6 7 9 |  9.6
Spellcasting   | 5 6 7 8 9 |  9.4
Fire Magic     | 2 3 5 |  5.4
Fighting       | |  0.9
Dodging        | |  2.4
Stealth        | |  2.4
Summonings     | |  1.1
Translocations | |  1.1

Action                   |  1- 3 |  4- 6 |  7- 9 || total
-------------------------+-------+-------+-------++-------
Melee: Hand axe          |     7 |       |       ||     7
       Trident           |       |     3 |       ||     3
       Dagger            |       |    30 |    22 ||    52
 Cast: Magic Dart        |    85 |   182 |   124 ||   391
       Conjure Flame     |       |    12 |    20 ||    32
       Mephitic Cloud    |       |     7 |     9 ||    16
       Flame Tongue      |       |       |   119 ||   119
       Call Imp          |       |       |     4 ||     4
  Use: Scroll            |       |     4 |    10 ||    14
       Potion            |       |       |     1 ||     1
 Stab: Sleeping          |       |     1 |       ||     1
       Confused          |       |     1 |       ||     1
       Distracted        |       |     1 |       ||     1
  Eat: Chunk             |     3 |    19 |    12 ||    34
Armor: Robe              |     2 |     1 |    14 ||    17
Dodge: Dodged            |    11 |    16 |    42 ||    69

Table legend:
 A = Spawn XP
 B = Non-spawn XP
 C = Spawn XP percentage of total XP
 D = Spawn monster count
 E = Non-spawn monster count
 F = Spawn count percentage of total count
 G = Total turns spent on level
                    A         B        C        D         E        F      G
               +---------+---------+-------+---------+---------+-------+---------
         Total |       0 |    3114 |   0.0 |       0 |     166 |   0.0 |  9957
               +---------+---------+-------+---------+---------+-------+---------
           D:1 |       0 |      38 |   0.0 |       0 |      22 |   0.0 |  1136
           D:2 |       0 |     149 |   0.0 |       0 |      22 |   0.0 |  1178
           D:3 |       0 |     204 |   0.0 |       0 |      41 |   0.0 |  1903
           D:4 |       0 |     805 |   0.0 |       0 |      24 |   0.0 |  1371
           D:5 |       0 |     496 |   0.0 |       0 |      23 |   0.0 |  1138
           D:6 |       0 |    1059 |   0.0 |       0 |      27 |   0.0 |  2821
           D:7 |       0 |     363 |   0.0 |       0 |       7 |   0.0 |   318
               +---------+---------+-------+---------+---------+-------+---------
